 Dungeon Crawl Stone Soup version 0.20-b1-12-g5827e59 (webtiles) character file.

347 ChaseSP the Digger (level 6, -3/32 HPs)
             Began as a Gargoyle Earth Elementalist on May 24, 2017.
             Killed from afar by an orc wizard (5 damage)
             ... with a magic dart
             ... on level 4 of the Dungeon.
             The game lasted 00:09:05 (4009 turns).

ChaseSP the Digger (Gargoyle Earth Elementalist)    Turns: 4009, Time: 00:09:06

Health: -3/32      AC:  7    Str: 12    XL:     6   Next: 59%
Magic:  0/9        EV: 11    Int: 17    God:
Gold:   236        SH:  0    Dex: 10    Spells: 5/9 levels left

rFire    . . .     SeeInvis .   u - +1 short sword
rCold    . . .     Gourm    .   (no shield)
rNeg     + . .     Faith    .   i - +0 leather armour
rPois    ∞         Spirit   .   (no helmet)
rElec    +         Reflect  .   (no cloak)
rCorr    .         Harm     .   (no gloves)
MR       .....                  (no boots)
Stlth    ++........             (no amulet)
Regen    0.1/turn               (no ring)
MPRegen  0.2/turn               (no ring)

@: flying
A: negative energy resistance 1, electricity resistance, unbreathing,
petrification resistance, rot immunity, AC +4
a: no special abilities


You were on level 4 of the Dungeon.
You were hungry.

You visited 1 branch of the dungeon, and saw 4 of its levels.

You collected 236 gold pieces.

Inventory:

Hand Weapons
 u - a +1 short sword (weapon)
Missiles
 b - 66 stones (quivered)
Armour
 c - a +0 robe
 i - a +0 leather armour (worn)
 n - a +0 ring mail
Scrolls
 f - 3 scrolls of identify {unknown}
 l - 3 scrolls of enchant weapon
 m - 2 scrolls of recharging {unknown}
 q - a scroll of magic mapping {unknown}
 r - a scroll of enchant armour {unknown}
Potions
 g - 2 potions of curing {unknown}
 o - a potion of haste {unknown}
 p - 2 potions of flight
 s - a potion of mutation {unknown}
Books
 e - a book of Geomancy

   Spells                             Type                      Level
   a - Sandblast                      Earth                        1
   b - Passwall                       Transmutation/Earth          2
   c - Stone Arrow                    Conjuration/Earth            3
   d - Petrify                        Transmutation/Earth          4
   e - Lee's Rapid Deconstruction     Earth                        5
Comestibles
 a - 2 royal jellies
 d - 3 bread rations
 h - a meat ration
 k - a fruit


   Skills:
 - Level 0.2 Fighting
 - Level 1.0 Short Blades
 - Level 0.4 Armour
 - Level 1.9 Dodging
 - Level 2.2 Stealth
 - Level 0.6 Unarmed Combat
 - Level 2.1 Spellcasting
 - Level 1.0 Conjurations
   Level 0.7 Transmutations
 * Level 7.7 Earth Magic


You had 5 spell levels left.
You knew the following spells:

 Your Spells              Type           Power        Failure   Level  Hunger
a - Sandblast             Erth           ####..       1%          1    #......
b - Stone Arrow           Conj/Erth      ###...       12%         3    ###....


Dungeon Overview and Level Annotations

Branches:
Dungeon (4/15)
 Temple: D:4-7

Altars:
Gozag


Innate Abilities, Weirdness & Mutations

You are resistant to torment.
Your stone body is resilient. (AC +4)
You are immune to poison.
You resist negative energy. (rN+)
You are resistant to electric shocks. (rElec)
You can survive without breathing.
You are immune to petrification.
You are immune to rotting.


Message History

You hear some strange, mumbled words.
A puff of flame appears from out of thin air!
The puff of flame hits you!
* * * LOW HITPOINT WARNING * * *
Unknown command.
Casting: Sandblast
Confirm with . or Enter, or press ? or * to list all spells.
Aiming: Sandblast
Press: ? - help, Shift-Dir - straight line
b - 66 stones You hear some strange, mumbled words.
A puff of flame appears from out of thin air!
The puff of flame misses you.
It was a potion of flight.
You feel very buoyant.
You fly up into the air.
You hear some strange, mumbled words.
A magic dart appears from out of thin air!
The magic dart hits you!
You die...

..........#.#
........#.#.##.# #.#
........#...##.# #.#
........##..##.# #.#
........##..##.#####.#
........##............
####...#........# #(#
####.....#.....### #(#
.......[..)<...{@# #<#
..###......(.###..##.#
.......###.%#####.##.#
.......# #.....# .....
.......#####...# ##$..
.......##......# #..##
..#>.##...###.....oo.#
........### ######h..#
###.##### .


There were no monsters in sight!

Vanquished Creatures
  A hound (D:3)
  2 orc priests (D:4)
  3 orc wizards (D:4)
  A worker ant (D:4)
  5 adders
  2 oozes
  2 adder zombies (D:3)
  2 adder skeletons (D:3)
  A worm (D:3)
  2 dart slugs (D:1)
  A leopard gecko (D:4)
  7 orcs
  5 giant cockroaches
  8 goblins
  4 hobgoblins
  A jackal (D:4)
  8 kobolds
  4 ball pythons
  8 bats
  10 frilled lizards
  A jackal skeleton (D:3)
  A jackal zombie (D:3)
  2 quokka skeletons
  8 rats
89 creatures vanquished.

Notes
Turn   | Place    | Note
-------+----------+-------------------------------------------
     0 | D:1      | ChaseSP the Gargoyle Earth Elementalist began the quest for the Orb.
     0 | D:1      | Reached XP level 1. HP: 10/10 MP: 3/3
   164 | D:1      | Reached skill level 4 in Earth Magic
   217 | D:1      | Reached XP level 2. HP: 15/15 MP: 5/5
   834 | D:1      | Reached XP level 3. HP: 12/19 MP: 6/6
  1767 | D:2      | Reached skill level 1 in Short Blades
  1767 | D:2      | Reached XP level 4. HP: 19/24 MP: 4/7
  2089 | D:3      | Reached skill level 5 in Earth Magic
  2121 | D:3      | Learned a level 3 spell: Stone Arrow
  2267 | D:3      | Found an opulent altar of Gozag.
  2926 | D:4      | Reached XP level 5. HP: 28/28 MP: 3/8
  2938 | D:4      | Reached skill level 1 in Conjurations
  3385 | D:4      | Reached skill level 6 in Earth Magic
  3409 | D:4      | Noticed a phantom
  3852 | D:4      | Reached XP level 6. HP: 31/32 MP: 4/9
  3855 | D:4      | Reached skill level 7 in Earth Magic
  4009 | D:4      | Killed from afar by an orc wizard

Skill      XL: |  1  2  3  4  5  6 |
---------------+-------------------+-----
Earth Magic    | 4 5 6 7 |  7.7
Short Blades   | 1 |  1.0
Conjurations   | 1 |  1.0
Fighting       | |  0.2
Armour         | |  0.4
Dodging        | |  1.9
Stealth        | |  2.2
Unarmed Combat | |  0.6
Spellcasting   | |  2.1
Transmutations | |  0.7

Action                   |  1- 3 |  4- 6 || total
-------------------------+-------+-------++-------
Melee: Unarmed           |    27 |       ||    27
       Club              |    16 |       ||    16
       Short sword       |    86 |   141 ||   227
       Mace              |       |    42 ||    42
       Punch             |       |     1 ||     1
 Cast: Sandblast         |     6 |    41 ||    47
  Use: Scroll            |     2 |       ||     2
       Potion            |       |     1 ||     1
 Stab: Sleeping          |     1 |     2 ||     3
  Eat: Chunk             |     3 |     7 ||    10
Armor: Robe              |    13 |       ||    13
       Ring mail         |    28 |    77 ||   105
       Leather armour    |       |    42 ||    42
Dodge: Dodged            |    87 |   134 ||   221
